[ AOE2 MATCH · #479379632 ]
UnrankedEthiopians vs Italians
[ REPLAY ANALYSIS · EXTRACTED FROM THE RECORDED GAME ]
Feudal
11:46
Castle
16:39
Imperial
40:50
| APM avg | 32.4 |
| APM peak | 82 |
| eAPM avg | 19.3 |
| Villagers / military | 200 / 102 |
Focus
⚔️ 26.6% · 🌾 73.4%
Mangonel ×85 · Archer ×12 · Monk ×2 · Battering Ram ×2 · Spearman ×1
Feudal
11:42
Castle
17:17
Imperial
—
| APM avg | 7.2 |
| APM peak | 48 |
| eAPM avg | 2.9 |
| Villagers / military | 32 / 5 |
Focus
⚔️ 17.2% · 🌾 82.8%
Militia ×3 · Spearman ×1 · Monk ×1
Feudal
13:38
Castle
—
Imperial
—
| APM avg | 8.3 |
| APM peak | 49 |
| eAPM avg | 3.2 |
| Villagers / military | 27 / 3 |
Focus
⚔️ 7.3% · 🌾 92.7%
Spearman ×3
Feudal
17:33
Castle
26:55
Imperial
46:08
| APM avg | 8.6 |
| APM peak | 31 |
| eAPM avg | 6.7 |
| Villagers / military | 84 / 59 |
Focus
⚔️ 30.9% · 🌾 69.1%
Genoese Crossbowman ×33 · Militia ×15 · Scout Cavalry ×11
Match map
Initial resources + every placement click. Lines = walls · curves = elevation contours. ◆ gold · ⬟ stone · ● berries · ✦ relic · ◌ wall gap
Your base· ✓ Closed at 16:39 · 9t walls · 1 gate(s)
shepp's base· ✓ Closed at 17:17 · 15t walls · 1 gate(s)
Charlys's base· ✓ Closed at 17:41 · 17t walls · 1 gate(s)
pkzudj's base· ✓ Closed at 26:55 · 16t walls · 1 gate(s)
Smoothed initial terrain · ◌ = detected wall gap · hover for details
Inputs per minute
— Golem - - shepp
Build order — Golem
First 150 of 611 actions detected
| 0:01 | Create | Villager (Male) |
| 0:02 | Create | Villager (Male) |
| 0:04 | Build | House |
| 0:06 | Build | House |
| 0:27 | Create | Villager (Male) |
| 0:27 | Create | Villager (Male) |
| 1:25 | Create | Villager (Male) |
| 1:46 | Build | Lumber Camp |
| 2:01 | Create | Villager (Male) |
| 2:19 | Create | Villager (Male) |
| 2:48 | Create | Villager (Male) |
| 3:06 | Create | Villager (Male) |
| 3:28 | Build | Mill |
| 3:35 | Create | Villager (Male) |
| 3:49 | Build | House |
| 3:56 | Create | Villager (Male) |
| 4:09 | Build | House |
| 4:25 | Create | Villager (Male) |
| 4:30 | Build | House |
| 4:43 | Create | Villager (Male) |
| 5:22 | Create | Villager (Male) |
| 5:33 | Create | Villager (Male) |
| 5:34 | Create | Villager (Male) |
| 5:50 | Create | Villager (Male) |
| 5:59 | Research | Loom |
| 6:43 | Create | Villager (Male) |
| 6:43 | Create | Villager (Male) |
| 7:42 | Create | Villager (Male) |
| 7:49 | Build | Lumber Camp |
| 8:01 | Create | Villager (Male) |
| 8:07 | Create | Villager (Male) |
| 8:37 | Build | Mining Camp |
| 8:44 | Create | Villager (Male) |
| 8:53 | Research | Feudal Age |
| 9:58 | Build | Mining Camp |
| 10:27 | Build | Barracks |
| 11:46 | Age | Feudal Age |
| 11:49 | Create | Spearman |
| 11:59 | Build | Stone Wall |
| 12:02 | Build | Gate |
| 12:07 | Build | Stone Wall |
| 12:12 | Create | Villager (Male) |
| 12:13 | Create | Villager (Male) |
| 12:18 | Build | Blacksmith |
| 12:28 | Build | Market |
| 12:56 | Create | Villager (Male) |
| 13:02 | Build | Archery Range |
| 13:09 | Build | House |
| 13:19 | Create | Villager (Male) |
| 13:26 | Research | Fletching |
| 13:33 | Build | House |
| 13:59 | Research | Castle Age |
| 14:09 | Build | House |
| 14:16 | Create | Archer |
| 14:36 | Research | Horse Collar |
| 14:44 | Research | Double-Bit Axe |
| 14:50 | Create | Archer |
| 15:00 | Research | Gold Mining |
| 15:08 | Build | Farm |
| 15:11 | Build | Farm |
| 15:16 | Build | Farm |
| 15:18 | Create | Archer |
| 15:40 | Create | Villager (Male) |
| 15:44 | Build | Farm |
| 15:46 | Create | Archer |
| 16:11 | Create | Archer |
| 16:13 | Create | Villager (Male) |
| 16:15 | Build | Farm |
| 16:18 | Build | Farm |
| 16:39 | Age | Castle Age |
| 16:44 | Build | Monastery |
| 16:48 | Create | Archer |
| 16:53 | Build | Farm |
| 16:55 | Build | Farm |
| 16:58 | Build | Farm |
| 17:06 | Create | Villager (Male) |
| 17:16 | Research | Padded Archer Armor |
| 17:30 | Create | Monk |
| 17:36 | Create | Archer |
| 17:52 | Create | Archer |
| 17:52 | Create | Archer |
| 18:01 | Create | Monk |
| 18:06 | Create | Villager (Male) |
| 18:06 | Create | Villager (Male) |
| 19:02 | Create | Archer |
| 19:02 | Create | Archer |
| 19:02 | Create | Archer |
| 19:03 | Create | Villager (Male) |
| 19:03 | Create | Villager (Male) |
| 19:03 | Create | Villager (Male) |
| 19:12 | Build | House |
| 19:13 | Build | House |
| 19:25 | Build | House |
| 19:26 | Build | House |
| 19:31 | Research | Wheelbarrow |
| 19:35 | Build | Town Center |
| 20:00 | Build | Town Center |
| 20:28 | Build | House |
| 20:29 | Build | House |
| 20:54 | Build | Stone Wall |
| 20:59 | Build | Gate |
| 21:02 | Build | Stone Wall |
| 21:03 | Create | Villager (Male) |
| 21:04 | Create | Villager (Male) |
| 21:08 | Build | Farm |
| 21:10 | Research | Heavy Plow |
| 21:13 | Research | Bow Saw |
| 21:20 | Create | Villager (Male) |
| 21:20 | Create | Villager (Male) |
| 21:25 | Build | Farm |
| 21:27 | Build | Farm |
| 21:50 | Build | House |
| 22:00 | Create | Villager (Male) |
| 22:00 | Create | Villager (Male) |
| 22:01 | Create | Villager (Male) |
| 22:01 | Create | Villager (Male) |
| 22:05 | Build | Farm |
| 22:06 | Build | Farm |
| 22:07 | Build | Farm |
| 22:08 | Build | Farm |
| 22:11 | Create | Villager (Male) |
| 22:44 | Create | Villager (Male) |
| 22:44 | Create | Villager (Male) |
| 22:44 | Create | Villager (Male) |
| 22:48 | Build | House |
| 22:49 | Build | House |
| 22:55 | Build | Farm |
| 23:17 | Create | Villager (Male) |
| 23:18 | Create | Villager (Male) |
| 23:18 | Create | Villager (Male) |
| 23:18 | Create | Villager (Male) |
| 23:25 | Build | Mill |
| 23:26 | Build | Farm |
| 23:27 | Build | Farm |
| 23:28 | Build | Farm |
| 23:29 | Build | Farm |
| 23:31 | Build | Farm |
| 23:31 | Build | Farm |
| 23:44 | Create | Villager (Male) |
| 23:44 | Create | Villager (Male) |
| 23:50 | Build | Farm |
| 23:52 | Build | Farm |
| 23:55 | Build | Farm |
| 23:57 | Build | Farm |
| 24:00 | Build | Farm |
| 24:08 | Create | Villager (Male) |
| 24:08 | Create | Villager (Male) |
| 24:08 | Create | Villager (Male) |
| 24:08 | Create | Villager (Male) |
| 24:18 | Build | House |
Build order — shepp
77 actions detected in the replay
| 0:02 | Build | House |
| 0:02 | Create | Villager (Male) |
| 0:02 | Create | Villager (Male) |
| 0:03 | Create | Villager (Male) |
| 0:03 | Build | House |
| 0:05 | Create | Villager (Male) |
| 1:25 | Create | Villager (Male) |
| 1:47 | Build | Lumber Camp |
| 1:59 | Create | Villager (Male) |
| 2:20 | Create | Villager (Male) |
| 2:46 | Create | Villager (Male) |
| 3:02 | Build | House |
| 3:06 | Create | Villager (Male) |
| 3:34 | Create | Villager (Male) |
| 3:55 | Build | Mill |
| 3:57 | Create | Villager (Male) |
| 4:26 | Build | House |
| 4:31 | Create | Villager (Male) |
| 4:56 | Create | Villager (Male) |
| 4:57 | Create | Villager (Male) |
| 4:57 | Create | Villager (Male) |
| 5:40 | Create | Villager (Male) |
| 5:40 | Create | Villager (Male) |
| 6:11 | Create | Villager (Male) |
| 6:12 | Create | Villager (Male) |
| 6:29 | Create | Villager (Male) |
| 6:31 | Create | Villager (Male) |
| 6:32 | Create | Villager (Male) |
| 6:57 | Build | Lumber Camp |
| 7:51 | Build | House |
| 8:04 | Create | Villager (Male) |
| 8:10 | Research | Loom |
| 8:35 | Build | Mining Camp |
| 9:27 | Build | Palisade Wall |
| 9:31 | Research | Feudal Age |
| 10:18 | Build | Palisade Gate |
| 11:20 | Build | House |
| 11:23 | Build | Barracks |
| 11:40 | Create | Villager (Male) |
| 11:40 | Create | Villager (Male) |
| 11:40 | Create | Villager (Male) |
| 11:42 | Age | Feudal Age |
| 11:53 | Build | Mining Camp |
| 12:26 | Create | Villager (Male) |
| 12:26 | Create | Villager (Male) |
| 12:34 | Create | Spearman |
| 12:53 | Build | Market |
| 12:56 | Build | Blacksmith |
| 13:09 | Build | Farm |
| 13:10 | Build | Farm |
| 13:11 | Build | Farm |
| 13:12 | Build | Farm |
| 13:15 | Build | Farm |
| 13:42 | Build | House |
| 14:37 | Research | Castle Age |
| 14:45 | Build | House |
| 14:46 | Build | House |
| 15:09 | Create | Militia |
| 15:22 | Create | Militia |
| 15:24 | Create | Militia |
| 16:08 | Research | Man-at-Arms (upgrade) |
| 16:32 | Build | Farm |
| 16:32 | Build | Farm |
| 16:33 | Build | Farm |
| 16:35 | Build | Farm |
| 16:38 | Build | Farm |
| 16:40 | Build | Farm |
| 16:42 | Create | Villager (Male) |
| 16:43 | Create | Villager (Male) |
| 16:43 | Create | Villager (Male) |
| 16:43 | Create | Villager (Male) |
| 17:17 | Age | Castle Age |
| 17:19 | Build | Monastery |
| 17:42 | Create | Monk |
| 17:54 | Build | Town Center |
| 18:01 | Research | Long Swordsman (upgrade) |
| 18:22 | Research | Scale Mail Armor |
Build order — Charlys
66 actions detected in the replay
| 0:13 | Build | House |
| 0:19 | Research | Loom |
| 0:20 | Create | Villager (Male) |
| 0:20 | Create | Villager (Male) |
| 0:20 | Create | Villager (Male) |
| 0:21 | Create | Villager (Male) |
| 0:21 | Create | Villager (Male) |
| 1:03 | Build | House |
| 1:22 | Create | Villager (Male) |
| 2:37 | Create | Villager (Male) |
| 2:38 | Create | Villager (Male) |
| 2:54 | Create | Villager (Male) |
| 4:09 | Create | Villager (Male) |
| 4:09 | Create | Villager (Male) |
| 5:12 | Build | House |
| 5:18 | Create | Villager (Male) |
| 5:19 | Create | Villager (Male) |
| 5:19 | Create | Villager (Male) |
| 5:40 | Build | Palisade Wall |
| 5:53 | Build | House |
| 6:23 | Build | Palisade Wall |
| 6:39 | Build | Mill |
| 6:52 | Create | Villager (Male) |
| 6:52 | Create | Villager (Male) |
| 6:52 | Create | Villager (Male) |
| 6:52 | Create | Villager (Male) |
| 7:04 | Build | Lumber Camp |
| 7:47 | Build | House |
| 8:48 | Build | Mining Camp |
| 8:58 | Create | Villager (Male) |
| 8:58 | Create | Villager (Male) |
| 8:59 | Create | Villager (Male) |
| 9:35 | Create | Villager (Male) |
| 9:36 | Create | Villager (Male) |
| 11:02 | Create | Villager (Male) |
| 11:23 | Research | Feudal Age |
| 12:18 | Build | Barracks |
| 13:19 | Build | Palisade Gate |
| 13:38 | Age | Feudal Age |
| 13:39 | Research | Wheelbarrow |
| 13:42 | Research | Double-Bit Axe |
| 14:10 | Build | Farm |
| 14:12 | Build | Farm |
| 14:13 | Build | Farm |
| 14:14 | Build | Farm |
| 14:29 | Build | Stable |
| 14:42 | Create | Spearman |
| 14:43 | Create | Spearman |
| 14:43 | Create | Spearman |
| 14:56 | Create | Villager (Male) |
| 14:57 | Create | Villager (Male) |
| 14:57 | Create | Villager (Male) |
| 15:28 | Build | House |
| 15:56 | Build | Market |
| 16:02 | Build | Blacksmith |
| 16:10 | Build | Mining Camp |
| 16:33 | Build | House |
| 16:53 | Research | Man-at-Arms (upgrade) |
| 16:54 | Research | Arson |
| 17:33 | Build | Stable |
| 17:41 | Research | Castle Age |
| 17:56 | Build | Farm |
| 17:57 | Build | Farm |
| 18:13 | Build | House |
| 18:45 | Build | Farm |
| 18:46 | Build | Farm |
Build order — pkzudj
First 150 of 273 actions detected
| 0:11 | Create | Villager (Male) |
| 0:12 | Create | Villager (Male) |
| 0:12 | Create | Villager (Male) |
| 0:12 | Create | Villager (Male) |
| 0:12 | Create | Villager (Male) |
| 0:13 | Create | Villager (Male) |
| 0:43 | Build | House |
| 0:45 | Build | House |
| 0:48 | Build | House |
| 0:50 | Build | House |
| 0:53 | Build | House |
| 0:54 | Build | House |
| 1:46 | Create | Villager (Male) |
| 3:01 | Create | Villager (Male) |
| 3:02 | Create | Villager (Male) |
| 3:02 | Create | Villager (Male) |
| 3:02 | Create | Villager (Male) |
| 3:02 | Create | Villager (Male) |
| 3:02 | Create | Villager (Male) |
| 3:03 | Create | Villager (Male) |
| 3:03 | Create | Villager (Male) |
| 3:27 | Create | Villager (Male) |
| 4:04 | Create | Villager (Male) |
| 4:27 | Create | Villager (Male) |
| 4:27 | Create | Villager (Male) |
| 4:28 | Create | Villager (Male) |
| 4:28 | Create | Villager (Male) |
| 4:28 | Create | Villager (Male) |
| 4:28 | Create | Villager (Male) |
| 4:28 | Create | Villager (Male) |
| 4:29 | Create | Villager (Male) |
| 4:29 | Create | Villager (Male) |
| 4:29 | Create | Villager (Male) |
| 4:30 | Create | Villager (Male) |
| 4:30 | Create | Villager (Male) |
| 5:00 | Create | Villager (Male) |
| 5:48 | Build | Mill |
| 5:57 | Create | Villager (Male) |
| 5:57 | Create | Villager (Male) |
| 5:57 | Create | Villager (Male) |
| 5:57 | Create | Villager (Male) |
| 5:58 | Create | Villager (Male) |
| 5:58 | Create | Villager (Male) |
| 5:58 | Create | Villager (Male) |
| 6:54 | Create | Villager (Male) |
| 7:20 | Create | Villager (Male) |
| 7:21 | Create | Villager (Male) |
| 7:37 | Create | Villager (Male) |
| 7:50 | Create | Villager (Male) |
| 8:08 | Build | Lumber Camp |
| 9:08 | Create | Villager (Male) |
| 9:08 | Create | Villager (Male) |
| 9:09 | Create | Villager (Male) |
| 9:09 | Create | Villager (Male) |
| 9:09 | Create | Villager (Male) |
| 9:09 | Create | Villager (Male) |
| 9:10 | Create | Villager (Male) |
| 9:10 | Create | Villager (Male) |
| 9:10 | Create | Villager (Male) |
| 9:10 | Create | Villager (Male) |
| 9:11 | Create | Villager (Male) |
| 9:11 | Create | Villager (Male) |
| 9:11 | Create | Villager (Male) |
| 9:12 | Create | Villager (Male) |
| 9:12 | Create | Villager (Male) |
| 9:19 | Create | Villager (Male) |
| 9:22 | Create | Villager (Male) |
| 9:45 | Build | House |
| 9:50 | Build | House |
| 9:53 | Build | House |
| 9:54 | Build | House |
| 9:56 | Build | House |
| 10:00 | Build | House |
| 10:02 | Build | House |
| 10:05 | Build | House |
| 10:06 | Build | House |
| 10:14 | Create | Villager (Male) |
| 10:18 | Create | Villager (Male) |
| 10:22 | Create | Villager (Male) |
| 10:30 | Create | Villager (Male) |
| 10:52 | Build | Mining Camp |
| 13:01 | Create | Villager (Male) |
| 13:02 | Create | Villager (Male) |
| 13:04 | Create | Villager (Male) |
| 13:07 | Create | Villager (Male) |
| 13:11 | Create | Villager (Male) |
| 13:55 | Build | Mining Camp |
| 14:55 | Research | Feudal Age |
| 14:57 | Research | Loom |
| 17:21 | Build | Farm |
| 17:25 | Build | Farm |
| 17:28 | Build | Farm |
| 17:32 | Build | Farm |
| 17:33 | Age | Feudal Age |
| 17:35 | Build | Farm |
| 17:37 | Build | Farm |
| 17:40 | Build | Farm |
| 17:46 | Build | Farm |
| 17:52 | Build | Farm |
| 17:59 | Build | Farm |
| 18:03 | Build | Farm |
| 18:16 | Build | Farm |
| 18:26 | Research | Wheelbarrow |
| 18:27 | Research | Town Watch |
| 18:30 | Research | Double-Bit Axe |
| 18:33 | Research | Horse Collar |
| 18:37 | Research | Stone Mining |
| 19:04 | Build | Blacksmith |
| 19:15 | Build | Market |
| 19:40 | Research | Gold Mining |
| 20:14 | Research | Scale Barding Armor |
| 20:15 | Research | Forging |
| 20:16 | Research | Fletching |
| 20:42 | Research | Scale Mail Armor |
| 21:15 | Research | Forging |
| 21:37 | Research | Padded Archer Armor |
| 24:15 | Research | Castle Age |
| 24:46 | Build | Stone Wall |
| 25:58 | Build | Outpost |
| 26:17 | Build | Gate |
| 26:55 | Age | Castle Age |
| 26:56 | Build | Barracks |
| 26:58 | Build | Barracks |
| 27:09 | Research | Bow Saw |
| 27:12 | Research | Heavy Plow |
| 27:15 | Research | Hand Cart |
| 27:43 | Research | Town Patrol |
| 28:05 | Build | Stable |
| 28:08 | Build | Stable |
| 28:18 | Research | Man-at-Arms (upgrade) |
| 29:00 | Build | Castle |
| 29:11 | Research | Coinage |
| 29:34 | Research | Stone Shaft Mining |
| 30:18 | Research | Arson |
| 30:22 | Research | Long Swordsman (upgrade) |
| 30:43 | Build | Monastery |
| 30:50 | Build | University |
| 30:57 | Research | Light Cavalry (upgrade) |
| 31:44 | Research | Bloodlines |
| 32:13 | Research | Masonry |
| 32:14 | Research | Treadmill Crane |
| 32:17 | Research | Ballistics |
| 32:37 | Research | Fortified Wall (upgrade) |
| 33:43 | Build | Mining Camp |
| 33:57 | Research | Heated Shot |
| 34:00 | Research | Guard Tower (upgrade) |
| 34:16 | Research | Murder Holes |
| 35:32 | Build | Lumber Camp |
| 35:54 | Build | Mining Camp |
| 36:15 | Create | Villager (Male) |
Match timeline
| 5:40 | Charlys · wall_segment Palisade Wall x7 |
| 6:23 | Charlys · wall_segment Palisade Wall x10 |
| 9:27 | shepp · wall_segment Palisade Wall x15 |
| 10:27 | Golem · first_building Barracks |
| 11:23 | shepp · first_building Barracks |
| 11:42 | shepp · age_up feudal |
| 11:46 | Golem · age_up feudal |
| 11:59 | Golem · wall_segment Stone Wall x4 |
| 12:07 | Golem · wall_segment Stone Wall x5 |
| 12:18 | Charlys · first_building Barracks |
| 13:02 | Golem · first_building Archery Range |
| 13:38 | Charlys · age_up feudal |
| 14:29 | Charlys · first_building Stable |
| 16:39 | Golem · age_up castle |
| 16:44 | Golem · first_building Monastery |
| 17:17 | shepp · age_up castle |
| 17:19 | shepp · first_building Monastery |
| 17:33 | pkzudj · age_up feudal |
| 18:54 | shepp · resign |
| 20:54 | Golem · wall_segment Stone Wall x6 |
| 21:02 | Golem · wall_segment Stone Wall x8 |
| 24:46 | pkzudj · wall_segment Stone Wall x16 |
| 26:13 | Golem · first_building Siege Workshop |
| 26:55 | pkzudj · age_up castle |
| 26:56 | pkzudj · first_building Barracks |
| 28:05 | pkzudj · first_building Stable |
| 29:00 | pkzudj · first_building Castle |
| 29:42 | Golem · first_building Castle |
| 30:43 | pkzudj · first_building Monastery |
| 40:50 | Golem · age_up imperial |
| 46:08 | pkzudj · age_up imperial |
[ AI ANALYSIS · 1 CREDIT ]
What really happened in this match?
Wolo.gg analyzes every decision: build order, eco, micro, common mistakes by bracket. Personalized analysis on WhatsApp or Discord in 30 seconds.
Civ guide
Ethiopians
Map guide
Amazon Tunnel
Perfil
Jugador #24247342